 Dungeon Crawl Stone Soup version 0.14-a0-2632-gd2f732a (webtiles) character file.

722 Egon the Skirmisher (level 7, 60/62 HPs)
             Began as a Mottled Draconian Berserker on Feb 14, 2014.
             Was a Priest of Trog.
             Quit the game on Level 4 of the Dungeon on Feb 15, 2014.
             The game lasted 00:09:47 (3797 turns).

Egon the Skirmisher (Mottled Draconian Berserker)   Turns: 3797, Time: 00:09:47

HP  60/62        AC  8     Str 19      XL: 7   Next:  8%
MP   7/7         EV 20     Int  9 (12) God: Trog [***...]
Gold 169         SH  0     Dex 18      Spells:  0 memorised,  6 levels left

rFire  . . .     SeeInvis .     a - +0 hand axe
rCold  . . .     Clarity  .     (armour unavailable)
rNeg   . . .     Conserve .     (no shield)
rPois  .         rCorr    .     (helmet restricted)
rElec  .         rRot     .     o - +0 cloak
SustAb . .       Spirit   .     e - +0 pair of gloves
rMut   .         Warding  .     (no boots)
Saprov . . .     Stasis   .     (no amulet)
MR     +....                    (no ring)
                                f - ring of protection from magic {unknown}

@: exhausted, brilliant, agile, slowed, drained, very slow, somewhat resistant
to hostile enchantments, stealthy
A: breathe sticky flames, unfitting armour, AC +6
a: Breathe Sticky Flame, Burn Spellbooks, Berserk, Trog's Hand, Renounce
Religion


You were on level 4 of the Dungeon.
You worshipped Trog.
Trog was most pleased with you.
You were not hungry.

You visited 1 branch of the dungeon, and saw 4 of its levels.

You collected 169 gold pieces.

Inventory:

Hand weapons
 a - a +0,+0 hand axe (weapon)
Missiles
 d - 20 darts (quivered)
 w - 6 steel darts
Armour
 e - a +0 pair of gloves (worn)
 o - a +0 cloak (worn)
Magical devices
 n - a wand of confusion (9)
Comestibles
 c - 2 bread rations
 r - a choko
 u - an apricot
Scrolls
 b - 2 scrolls of curse weapon {unknown}
 g - 2 scrolls of recharging {unknown}
 h - 2 scrolls of remove curse {unknown}
 i - 2 scrolls of identify {unknown}
 m - a scroll of teleportation {unknown}
 p - a scroll of fog {unknown}
 t - a scroll of enchant armour {unknown}
 v - a scroll of blinking {unknown}
 x - a scroll of enchant weapon II {unknown}
Jewellery
 f - a ring of protection from magic (left hand) {unknown}
Potions
 l - 3 potions of degeneration
 q - a potion of curing


   Skills:
 + Level 5.7(5.2) Fighting
 + Level 5.1(4.6) Axes
 + Level 4.9(4.4) Dodging


You had 6 spell levels left.
You didn't know any spells.

Dungeon Overview and Level Annotations

Branches:
Dungeon (4/16)
 Temple: D:4-7

Altars:
Nemelex Xobeh
Okawaru
The Shining One


Message History

You feel agile all of a sudden.
It was a potion of agility.
Drink which item? (? for menu, Esc to quit)
You feel much better.
It was a potion of heal wounds.
You have identified the last healing potion.
q - a potion of curing Drink which item? (? for menu, Esc to quit)
There was something very wrong with that liquid!
You feel dopey.
It was a potion of degeneration.
Drink which item? (? for menu, Esc to quit)
You feel clever all of a sudden.
It was a potion of brilliance.
Welcome back, Egon the Mottled Draconian Berserker.
Trog says: Kill them all!
Press ? for a list of commands and other information.
Drink which item? (? for menu, Esc to quit)
Okay, then.
Unknown command.
Are you sure you want to abandon this character and quit the game? (Confirm with "yes".)

#######
#.....#
+.....#
#.....#
#.....#
#.....#
#.....#
#.....#
###@### ##.#
#..# ##.##
#..#
#####'######
#..........#
#..........#
+..........#


There were no monsters in sight!

Vanquished Creatures
  Edmund (D:4)
  An ogre (D:4)
  An orc priest (D:3)
  Crazy Yiuf (D:3)
  An orc wizard (D:3)
  A worker ant (D:4)
  Ijyb (D:4)
  Jessica (D:3)
  2 worker ant zombies (D:3)
  7 adders
  6 worms
  4 giant geckos
  3 orcs (D:3)
  7 goblins
  5 hobgoblins
  8 jackals (D:3)
  8 kobolds
  3 quokkas (D:3)
  12 bats
  4 giant cockroaches
  2 giant newts (D:3)
  9 rats
88 creatures vanquished.

Notes
Turn   | Place    | Note
--------------------------------------------------------------
     0 | D:1      | Egon, the Draconian Berserker, began the quest for the Orb.
     0 | D:1      | Reached XP level 1. HP: 19/19 MP: 1/1
   718 | D:1      | Reached XP level 2. HP: 26/26 MP: 2/2
  1080 | D:2      | Reached XP level 3. HP: 29/31 MP: 3/3
  1235 | D:2      | Found an iron altar of Okawaru.
  1487 | D:2      | Reached skill level 4 in Fighting
  1580 | D:2      | Acquired Trog's second power
  1829 | D:2      | Reached XP level 4. HP: 31/40 MP: 4/4
  2256 | D:3      | Reached XP level 5. HP: 16/47 MP: 5/5
  2607 | D:3      | Noticed Crazy Yiuf
  2614 | D:3      | Killed Crazy Yiuf
  3000 | D:3      | Reached skill level 5 in Fighting
  3105 | D:3      | Noticed Jessica
  3126 | D:3      | Killed Jessica
  3126 | D:3      | Reached XP level 6. HP: 56/56 MP: 6/6
  3543 | D:4      | Noticed Ijyb
  3556 | D:4      | Killed Ijyb
  3586 | D:4      | Found a sparkling altar of Nemelex Xobeh.
  3597 | D:4      | Found a glowing golden altar of the Shining One.
  3764 | D:4      | Noticed Edmund
  3778 | D:4      | Killed Edmund
  3778 | D:4      | Reached skill level 5 in Axes
  3778 | D:4      | Your scales start taking on a weird mottled pattern.
  3778 | D:4      | Reached XP level 7. HP: 54/62 MP: 7/7
  3797 | D:4      | Upgraded the game from 0.14-a0-2618-g5301534 to 0.14-a0-2632-gd2f732a
  3797 | D:4      | Quit the game

Action                   |  1- 3 |  4- 6 |  7- 9 || total
-------------------------+-------+-------+-------++-------
Melee: Hand axe          |   117 |   241 |     3 ||   361
Invok: Berserk           |       |     6 |       ||     6
       Burn Spellbooks   |       |     1 |       ||     1
Evoke: Wand              |       |     1 |       ||     1
  Use: Potion            |       |       |     4 ||     4
